 Dungeon Crawl Stone Soup version 0.28-a0-445-g51f8dfeb47 (webtiles) character file.

Game seed: 16837960706580014311

7324 Morbidden the Thaumaturge (level 11, -10/76 HPs)
             Began as a Djinni Fire Elementalist on Sept 12, 2021.
             Was a Priest of Makhleb.
             Mangled by a yak (13 damage)
             ... on level 10 of the Dungeon.
             The game lasted 00:20:31 (13992 turns).

Morbidden the Thaumaturge (DjFE)                   Turns: 13992, Time: 00:20:32

Health: -10/76     AC:  3    Str:  8 (10) XL:     11   Next: 35%
Gold:   609        EV: 11    Int: 15 (16) God:    Makhleb [***...] SH:  5 Dex: 19

rFire   + + .      SeeInvis .   d - +3 scimitar (flame)
rCold   x . .      Faith    .   (no shield)
rNeg    + . .      Spirit   .   A - +0 swamp dragon scales
rPois   ∞          Reflect  +   (no helmet)
rElec   .          Harm     .   (no cloak)
rCorr   .          Rampage  .   (no gloves)
Will    +....                   (boots unavailable)
Stlth   ++........              C - amulet of reflection
HPRegen 0.22/turn               b - ring of positive energy
MPRegen 0.00/turn               I - +6 ring of dexterity

@: corroded, flying
A: sickness immunity, fire resistance 2, cold vulnerability 1, float, innate
caster, hp casting, extra vitality 1, clumsy 1, deterioration 1
a: Renounce Religion, Minor Destruction, Lesser Servant of Makhleb


You were on level 10 of the Dungeon.
You worshipped Makhleb.
Makhleb was most pleased with you.
You visited 2 branches of the dungeon, and saw 11 of its levels.
You also visited: Sewer.

You collected 609 gold pieces.

Inventory:

Hand Weapons
 a - a +2 short sword of protection
 d - a +3 scimitar of flaming (weapon)
 B - a +0 broad axe
Armour
 e - a +0 robe
 p - a +0 chain mail of willpower
 A - +0 swamp dragon scales (worn)
 J - a +1 scale mail of cold resistance
Jewellery
 b - a ring of positive energy (left hand)
 C - an amulet of reflection (around neck)
 I - a +6 ring of dexterity (right hand)
Wands
 l - a wand of iceblast (21)
 q - a wand of flame (16)
 r - a wand of polymorph (13)
 s - a wand of mindburst (21)
 F - a wand of acid (13)
Scrolls
 f - 2 scrolls of fog {unknown}
 h - a scroll of amnesia {unknown}
 j - 7 scrolls of identify
 m - 2 scrolls of magic mapping
 n - 5 scrolls of teleportation
 o - a scroll of holy word {unknown}
 t - a scroll of enchant weapon {unknown}
 u - 2 scrolls of blinking {unknown}
 v - a scroll of immolation {unknown}
 w - 2 scrolls of noise {unknown}
 z - a scroll of enchant armour {unknown}
 G - a scroll of acquirement {unknown}
 H - a scroll of brand weapon {unknown}
 M - a scroll of silence {unknown}
Potions
 c - 3 potions of lignification
 g - a potion of magic
 i - 6 potions of flight
 k - 4 potions of attraction
 D - 2 potions of mutation
 E - 2 potions of curing {unknown}
 K - 2 potions of might {unknown}
 L - a potion of cancellation {unknown}


   Skills:
 * Level 5.3 Fighting
 + Level 0.5 Long Blades
 + Level 0.1 Polearms
 + Level 2.8 Armour
 + Level 3.6 Dodging
 + Level 3.1 Stealth
 + Level 0.3 Shields
 * Level 11.2 Spellcasting
 * Level 4.2 Invocations


You had 5 spell levels left.
You knew the following spells:

 Your Spells              Type           Power      Damage    Failure   Level
a - Foxfire               Conj/Fire      100%       2x1d9     1%          1
b - Scorch                Fire           84%        2d9       1%          2
c - Flame Wave            Conj/Fire      42%        3d8       2%          4
d - Inner Flame           Hex/Fire       42%        N/A       1%          3
e - Conjure Flame         Conj/Fire      42%        6-21      1%          3
f - Sandblast             Erth           84%        2d18      1%          1
g - Ensorcelled Hibernat  Hex/Ice        84%        N/A       1%          2
h - Static Discharge      Conj/Air       42%        N/A       1%          2
i - Summon Lightning Spi  Summ/Air       42%        N/A       2%          4
x - Borgnjor's Vile Clut  Necr/Erth      21%        N/A       7%          5
Your spell library was empty.

Dungeon Overview and Level Annotations

Branches:
Dungeon (10/15)            Temple (1/1) D:5           Sewer (visited)
   Lair: D:8-11         Orc: D:9-12

Altars:
Ashenzari
Cheibriados
Dithmenos
Elyvilon
Gozag
Hepliaklqana
Kikubaaqudgha
Makhleb
Nemelex Xobeh
Okawaru
Qazlal
Ru
Sif Muna
Trog
Uskayaw
Vehumet
Wu Jian
Xom
Yredelemnul
Zin
The Shining One

Annotations:
D:5 1 runed translucent door, Crazy Yiuf


Innate Abilities, Weirdness & Mutations

You are immune to sickness and miasma.
You are immune to poison.
Your flesh is very heat resistant. (rF++)
You are vulnerable to cold. (rC-)
You float through the air rather than walking.
You learn spells naturally, not from books.
Your magical power is your life essence.
You have superior vitality. (+4 HP)
You are clumsy. (Dex -2)
Your body sometimes deteriorates upon taking damage.


Message History

The orc warrior is lightly wounded.
You hear an angry buzzing noise. x2; You hear an angry hiss.
The centaur warrior zombie hits you.
The centaur warrior zombie kicks you but does no damage.
The yak gores you!
* * * LOW HITPOINT WARNING * * *
Unknown command.
Unknown command.
Unknown command.
Unknown command.
A wave of flame ripples out!
The flame wave engulfs the centaur warrior zombie!!
The centaur warrior zombie is moderately damaged.
The flame wave engulfs the orc warrior!
The orc warrior is heavily wounded.
The flame wave engulfs the killer bee!
The killer bee is heavily wounded.
The flame wave engulfs the yak!
The yak is almost dead.
The flame wave engulfs the wraith!
The wraith is almost destroyed.
The flame wave engulfs the acid dragon.
The acid dragon is lightly wounded.
* * * LOW HITPOINT WARNING * * *
You finish channelling waves of flame.
You hear a shout!
You hear an angry buzzing noise.
You hear a shout! x3
You hear an angry hiss.
You hear a shout!
You hear an angry growl.
You hear an angry hiss.
You hear a horrible gurgling sound!
The killer bee is engulfed in a cloud of scalding steam.
The killer bee stings you.
* * * LOW HITPOINT WARNING * * *
You block the centaur warrior zombie's attack.
The centaur warrior zombie barely misses you.
The killer bee is engulfed in a cloud of scalding steam.
The killer bee barely misses you.
The wraith is engulfed in a cloud of scalding steam.
You destroy the wraith!
Makhleb accepts your kill. The yak gores you!
You die...

#. #.#### #
##....#
#.##≈≈≈≈≈## .
#..§≈§.≈≈≈###..
...≈.○D§.§.....
#..§☼Z§§§..#..
#≈.§y@Y§.....
#§≈.o)§≈.#...
##§§≈≈≈.##
#####..# ...
.#.# ..o# ...8


You could see a yak, an orc warrior, an acid dragon (catching breath), a killer
bee, an orc and a centaur warrior zombie.

Vanquished Creatures
  Erica (D:9)
  A two-headed ogre (D:9)
  Maggie (D:6)
  Psyche (D:9)
  A troll (D:5)
  2 wraiths
  3 yaks (D:9)
  Eustachio (D:5)
  A steam dragon (D:7)
  2 vampire mosquitoes (D:9)
  A water moccasin (D:7)
  3 black bears
  An ice beast (D:6)
  2 sky beasts (D:5)
  4 orc warriors
  2 necrophages (D:5)
  4 ogres
  A centaur (D:9)
  2 phantoms (D:5)
  2 gnoll sergeants
  3 scorpions
  A water moccasin skeleton (D:7)
  14 killer bees
  8 howler monkeys
  2 bullfrog zombies (D:5)
  3 jellies
  2 centaur zombies
  2 orc priests
  2 bullfrog skeletons
  3 hounds (D:4)
  A gnoll shaman (D:8)
  Natasha (thrice) (D:4)
  2 iguanas
  2 merfolk sirens (Sewer)
  3 orc wizards
  A merfolk avatar (Sewer)
  A killer bee zombie (D:9)
  A hound skeleton (D:4)
  2 howler monkey zombies
  13 gnolls
  A howler monkey skeleton (D:7)
  11 adders
  2 white imps
  2 worms (D:2)
  3 dart slugs
  17 orcs
  6 endoplasms
  13 giant cockroaches
  5 goblins
  6 hobgoblins
  5 jackals
  5 quokkas
  15 ball pythons
  2 bats
  4 frilled lizards
  10 kobolds
  30 rats
242 creatures vanquished.

Vanquished Creatures (collateral kills)
  A foxfire (D:4)
1 creature vanquished.

Vanquished Creatures (others)
  879 foxfires
  4 plants (D:4)
883 creatures vanquished.

Grand Total: 1126 creatures vanquished

Notes
Turn   | Place    | Note
-------+----------+-------------------------------------------
     0 | D:1      | Morbidden the Djinni Fire Elementalist began the quest for
                  | the Orb.
     0 | D:1      | Reached XP level 1. HP: 15/15 MP: 0/0
   313 | D:1      | Reached XP level 2. HP: 20/22 MP: 0/0
   760 | D:1      | Reached skill level 3 in Spellcasting
   801 | D:1      | Reached XP level 3. HP: 21/26 MP: 0/0
   801 | D:1      | Learned a level 1 spell: Sandblast
  1045 | D:1      | Reached skill level 1 in Fighting
  1840 | D:2      | Reached XP level 4. HP: 29/32 MP: 0/0
  2173 | D:2      | Found a faded altar of an unknown god.
  3286 | D:3      | Found a glowing silver altar of Zin.
  3314 | D:3      | Reached XP level 5. HP: 22/37 MP: 0/0
  3314 | D:3      | Learned a level 2 spell: Ensorcelled Hibernation
  4146 | D:4      | Noticed Natasha
  4151 | D:4      | Killed Natasha
  4296 | D:4      | Reached skill level 4 in Spellcasting
  4484 | D:4      | Reached XP level 6. HP: 38/43 MP: 0/0
  4736 | D:4      | Noticed Natasha
  4740 | D:4      | Killed Natasha
  4771 | D:4      | Noticed a black bear
  4778 | D:4      | Killed a black bear
  4779 | D:4      | Reached skill level 5 in Spellcasting
  4959 | D:4      | Reached XP level 7. HP: 45/49 MP: 0/0
  4959 | D:4      | Learned a level 2 spell: Static Discharge
  4984 | D:4      | Noticed Natasha
  4987 | D:4      | Killed Natasha
  5055 | D:4      | Found a white marble altar of Elyvilon.
  5545 | D:5      | Entered Level 5 of the Dungeon
  5662 | D:5      | Reached skill level 6 in Spellcasting
  6145 | D:5      | Found a runed translucent door.
  6146 | D:5      | Noticed Crazy Yiuf
  6181 | D:5      | Reached XP level 8. HP: 47/55 MP: 0/0
  6437 | D:5      | Noticed Eustachio
  6468 | D:5      | Killed Eustachio
  6608 | D:5      | Reached skill level 7 in Spellcasting
  6648 | D:5      | Found a staircase to the Ecumenical Temple.
  6668 | D:5      | Gained mutation: Your body sometimes deteriorates upon
                  | taking damage. [potion of mutation]
  6668 | D:5      | Gained mutation: You are clumsy. (Dex -2) [potion of
                  | mutation]
  6668 | D:5      | HP: 1/56 [centaur zombie (3)]
  7185 | Temple   | Entered the Ecumenical Temple
  7244 | Temple   | Became a worshipper of Makhleb the Destroyer
  7460 | D:5      | Reached XP level 9. HP: 46/61 MP: 0/0
  7460 | D:5      | Learned a level 4 spell: Summon Lightning Spire
  7492 | D:5      | Reached skill level 8 in Spellcasting
  7492 | D:5      | Reached skill level 1 in Invocations
  8070 | D:5      | Noticed a troll
  8081 | D:5      | Killed a troll
  8330 | D:6      | Found a broken altar of Ashenzari.
  8380 | D:6      | Found a glowing drain.
  8473 | Sewer    | Entered a sewer
  8906 | Sewer    | Reached * piety under Makhleb
  9494 | D:6      | Reached ** piety under Makhleb
  9889 | D:6      | Reached skill level 9 in Spellcasting
  9985 | D:6      | Noticed Maggie
  9991 | D:6      | Killed Maggie
  9992 | D:6      | Reached XP level 10. HP: 47/67 MP: 0/0
 11383 | D:8      | Found a sacrificial altar of Ru.
 11643 | D:8      | Reached skill level 1 in Armour
 11845 | D:8      | Reached skill level 10 in Spellcasting
 12107 | D:8      | Found a shadowy altar of Dithmenos.
 12107 | D:8      | Found a snail-covered altar of Cheibriados.
 12108 | D:8      | Found a stormy altar of Qazlal.
 12111 | D:8      | Found a hide-covered altar of Uskayaw.
 12112 | D:8      | Found an opulent altar of Gozag.
 12359 | D:9      | Noticed Erica
 12380 | D:9      | Killed Erica
 12797 | D:9      | Reached XP level 11. HP: 61/74 MP: 0/0
 12797 | D:9      | Learned a level 5 spell: Borgnjor's Vile Clutch
 12862 | D:9      | Noticed a two-headed ogre
 12869 | D:9      | Killed a two-headed ogre
 12870 | D:9      | Reached skill level 5 in Fighting
 12892 | D:9      | Reached *** piety under Makhleb
 12917 | D:9      | Reached skill level 11 in Spellcasting
 13318 | D:9      | Noticed Psyche
 13323 | D:9      | Killed Psyche
 13634 | D:9      | Found a glowing golden altar of the Shining One.
 13989 | D:10     | Entered Level 10 of the Dungeon
 13989 | D:10     | Found a shimmering altar of Xom.
 13992 | D:10     | HP: 3/76 [killer bee (6)]
 13992 | D:10     | Mangled by a yak

Illustrated notes

Levels and vault maps discovered:
D:1:      dpeg_arrival_houses_and_road, layout_loops_ring
D:2:      layout_basic, hellmonk_ecumenical_altar_inner_sanctum
D:3:      layout_rooms, zin_academy
D:4:      layout_gridville, lemuel_crystal_altar,
          chequers_serial_rivers_micro_a, serial_bayou_lagoon_a,
          minmay_misc_feat_x, uniq_natasha
D:5:      layout_rooms, minmay_temple_entry_stoned_glass, minmay_joined_circles,
          uniq_eustachio, uniq_crazy_yiuf_cottage
D:6:      layout_loops_ring, general_overflow_altar, gup_sewer_entry_pipe,
          uniq_maggie
D:7:      layout_loops_corners
D:8:      layout_gridville, minitemple, mainiacjoe_overflow_boulevard
D:9:      layout_roguey, mainiacjoe_overflow_small_starburst,
          amcnicky_mini_pool_small, uniq_erica, uniq_psyche
D:10:     layout_rooms, xom_confusion_cloud, fedhas_altar_1,
          due_lair_maze_entry_diamond, minmay_orc_entry_temple_small, uniq_grum,
          uniq_erolcha
Temple:   eino_temple_lava

Skill      XL: |  1  2  3  4  5  6  7  8  9 10 11 |
---------------+----------------------------------+-----
Spellcasting   | 3 4 5 6 7 9 10 11 | 11.2
Fighting       | 1 2 3 4 5 |  5.3
Stealth        | 2 3 |  3.1
Dodging        | 3 |  3.6
Invocations    | 2 3 4 |  4.2
Armour         | 1 2 |  2.8
Long Blades    | |  0.5
Polearms       | |  0.1
Shields        | |  0.3

Action                   |  1- 3 |  4- 6 |  7- 9 | 10-12 || total
-------------------------+-------+-------+-------+-------++-------
Melee: Short sword       |       |     8 |    13 |       ||    21
       Spear             |       |       |       |     9 ||     9
       Scimitar          |       |       |       |    11 ||    11
 Cast: Foxfire           |    81 |   136 |   238 |    83 ||   538
       Scorch            |     1 |    14 |    29 |    56 ||   100
       Flame Wave        |       |       |     8 |    20 ||    28
       Borgnjor's Vile C |       |       |       |     3 ||     3
  Use: Scroll            |       |       |     4 |       ||     4
       Potion            |       |       |     2 |     7 ||     9
 Stab: Sleeping          |       |       |     1 |     1 ||     2
Armor: Robe              |     2 |       |    23 |       ||    25
       Swamp dragon scal |       |       |       |    17 ||    17
       Skin              |       |       |       |     3 ||     3
Dodge: Dodged            |    16 |     6 |    46 |    29 ||    97
Block: Other             |       |       |       |    19 ||    19

Table legend: (Time is in decaauts)
 A = Elapsed time spent in this place.
 B = Non-inter-level travel time spent in this place.
 C = Inter-level travel time spent in this place.
 D = Time resting spent in this place.
 E = Time spent auto-exploring this place.
 F = Levels seen in this place.
 G = Mean time per level.
                   A        B        C        D        E       F      G
               +--------+--------+--------+--------+--------+-----+--------+
         Total |  14000 |  13558 |    442 |   1644 |  10129 |  12 | 1166.7 |
       Dungeon |  12986 |  12551 |    435 |   1544 |   9423 |  10 | 1298.6 |
        Temple |     67 |     60 |      7 |      0 |     46 |   1 |   67.0 |
         Sewer |    947 |    947 |      0 |    100 |    660 |   1 |  947.0 |
               +--------+--------+--------+--------+--------+-----+--------+

Top non-repeatable levels by time:
     D:5: 2401 daAuts
     D:1: 1976 daAuts
     D:4: 1663 daAuts
     D:9: 1564 daAuts
     D:2: 1306 daAuts
     D:7: 1194 daAuts
     D:6: 1083 daAuts
     D:8: 975 daAuts
   Sewer: 947 daAuts
     D:3: 817 daAuts
  Temple: 67 daAuts
    D:10: 2 daAuts
